 Dungeon Crawl Stone Soup version 0.24.0-125-gc4c63601f3 (webtiles) character file.

Game seed: 2213622173781872357, levelgen mode: deterministic

203 Martska the Chiller (level 5, -2/40 HPs)
             Began as a Merfolk Ice Elementalist on Feb 25, 2020.
             Splashed by a jelly's acid (11 damage)
             ... on level 4 of the Dungeon.
             The game lasted 00:08:24 (3458 turns).

Martska the Chiller (Merfolk Ice Elementalist)      Turns: 3458, Time: 00:08:25

Health: -2/40      AC:  0    Str:  9    XL:     5   Next: 81%
Magic:  8/9        EV: 13    Int: 14    God:
Gold:   140        SH:  0    Dex: 15    Spells: 1/9 levels left

rFire    . . .     SeeInvis .   v - +3 spear
rCold    . . .     Gourm    .   (no shield)
rNeg     . . .     Faith    .   d - +0 leather armour
rPois    .         Spirit   .   (no helmet)
rElec    .         Reflect  .   (no cloak)
rCorr    .         Harm     .   (no gloves)
MR       .....                  (no boots)
Stlth    ++........             (no amulet)
HPRegen  0.13/turn              (no ring)
MPRegen  0.11/turn              (no ring)

@: corroded
A: change form in water, swift swim, stealthy swim
a: no special abilities


You were on level 4 of the Dungeon.
You were hungry.

You visited 1 branch of the dungeon, and saw 4 of its levels.

You collected 140 gold pieces.

Inventory:

Hand Weapons
 b - a +0 club
 f - a +0 short sword
 g - a +1 dagger of venom
 m - a +0 trident
 v - a +3 spear (weapon)
Missiles
 u - 8 boomerangs of dispersal (quivered)
Armour
 a - a +0 robe
 d - a +0 leather armour (worn)
Scrolls
 e - 3 scrolls of identify {unknown}
 j - 5 scrolls of teleportation {unknown}
 k - a scroll of fear {unknown}
 n - 2 scrolls of amnesia {unknown}
 q - a scroll of remove curse {unknown}
 s - a scroll of enchant weapon {unknown}
 t - a scroll of magic mapping {unknown}
 x - a scroll of immolation {unknown}
Potions
 h - 2 potions of magic {unknown}
 i - 2 potions of mutation {unknown}
 l - a potion of brilliance {unknown}
 o - a potion of heal wounds {unknown}
 p - a potion of lignification {unknown}
 r - a potion of might {unknown}
 w - a potion of haste {unknown}
Comestibles
 c - 6 rations


   Skills:
 * Level 2.8 Fighting
 * Level 1.8 Polearms
 + Level 0.9 Armour
 + Level 3.6 Dodging
 + Level 3.2 Stealth
 + Level 2.7 Spellcasting
 - Level 0.7 Conjurations
 + Level 0.8 Charms
 + Level 3.9 Ice Magic


You had one spell level left.
You knew the following spells:

 Your Spells              Type           Power        Failure   Level  Hunger
a - Freeze                Ice            ##..         6%          1    #......
b - Ozocubu's Armour      Chrm/Ice       #.......     34%         3    ###....
c - Throw Icicle          Conj/Ice       #.......     75%         4    #####..

Your spell library contained the following spells:

 Spells                   Type           Power        Failure   Level  Hunger
 Throw Frost              Conj/Ice       #.....       17%         2    ###....
 Summon Ice Beast         Ice/Summ       #.......     80%         4    #####..


Dungeon Overview and Level Annotations

Branches:
Dungeon (4/15)
 Temple: D:4-7

Altars:
Ashenzari
Elyvilon
Fedhas

Annotations:
D:2 exclusion: oklob plant


Message History

The jelly is heavily wounded.
The jelly closely misses you.
You hit the jelly but do no damage.
Your hands burn!
The jelly is heavily wounded.
The jelly hits you but does no damage.
You hit the jelly.
Your hands burn!
The jelly is severely wounded.
The jelly hits you. The acid corrodes you!
You are splashed with acid!
* * * LOW HITPOINT WARNING * * *
Casting: Ozocubu's Armour (safe; 34% risk of failure)
Confirm with . or Enter, or press ? or * to list all spells.
Aiming: Freeze (safe; 6% risk of failure)
Press: ? - help, Shift-Dir - straight line, f - jelly
Aim: a jelly (severely wounded)
You freeze the jelly.
The jelly is almost dead.
The jelly hits you.
* * * LOW HITPOINT WARNING * * *
You are splashed with acid!
You die...

##...........#
..........##+###
..........##
...........#
######....##
#....# #....#
#....# #...@#
#....J......
#+####......
...... ##+#.


You could see a jelly.

Vanquished Creatures
  Jessica (D:3)
  A worker ant (D:3)
  A hound zombie (D:3)
  A hound skeleton (D:4)
  4 adders
  2 worms
  3 dart slugs
  3 leopard geckos
  An orc (D:3)
  2 giant cockroaches
  5 goblins
  10 hobgoblins
  8 jackals
  7 kobolds
  A quokka (D:3)
  3 ball pythons
  8 bats
  3 frilled lizards
  15 rats
79 creatures vanquished.

Notes
Turn   | Place    | Note
-------+----------+-------------------------------------------
     0 | D:1      | Martska the Merfolk Ice Elementalist began the quest for
                  | the Orb.
     0 | D:1      | Reached XP level 1. HP: 13/13 MP: 3/3
   503 | D:1      | Reached XP level 2. HP: 18/20 MP: 3/5
   506 | D:1      | Reached skill level 1 in Fighting
  1260 | D:1      | Reached XP level 3. HP: 26/26 MP: 6/6
  1733 | D:2      | Found a shattered altar of Ashenzari.
  1889 | D:2      | Reached XP level 4. HP: 33/33 MP: 7/7
  2087 | D:2      | Learned a level 3 spell: Ozocubu's Armour
  2400 | D:2      | Found a blossoming altar of Fedhas.
  2415 | D:2      | Noticed an oklob plant
  2499 | D:3      | Learned a level 4 spell: Throw Icicle
  2529 | D:3      | Reached skill level 1 in Polearms
  2529 | D:3      | Reached XP level 5. HP: 25/39 MP: 8/8
  3288 | D:3      | Found a white marble altar of Elyvilon.
  3315 | D:3      | Noticed Jessica
  3325 | D:3      | Killed Jessica
  3458 | D:4      | Splashed by a jelly's acid

Levels and vault maps discovered:
D:1:      minmay_arrival_nine_rooms, layout_rooms
D:2:      minmay_wonky_spiral, layout_loops_ring, nicolae_ashenzari_panopticon,
          tgw_fedhas, first_ration, kennysheep_generic_room_16
D:3:      layout_rooms, elyvilon_altar_3, uniq_jessica
D:4:      layout_gridville, kennysheep_little_box

Skill      XL: |  1  2  3  4 |
---------------+-------------+-----
Fighting       | 1 2 |  2.8
Dodging        | 3 |  3.6
Stealth        | 3 |  3.2
Polearms       | 1 |  1.8
Armour         | |  0.9
Spellcasting   | |  2.7
Conjurations   | |  0.7
Charms         | |  0.8
Ice Magic      | |  3.9

Action                   |  1- 3 |  4- 6 || total
-------------------------+-------+-------++-------
Melee: Club              |    10 |       ||    10
       Unarmed           |     1 |       ||     1
       Dagger            |    84 |    96 ||   180
       Spear             |       |    16 ||    16
 Cast: Freeze            |     8 |     2 ||    10
       Ozocubu's Armour  |       |     1 ||     1
 Stab: Sleeping          |     4 |     5 ||     9
  Eat: Chunk             |     3 |     1 ||     4
       Ration            |       |     1 ||     1
Armor: Robe              |     1 |       ||     1
       Leather armour    |    29 |    18 ||    47
Dodge: Dodged            |    72 |    75 ||   147
